 Dungeon Crawl Stone Soup version 0.20.1-1-g8b1a95d (webtiles) character file.

599798 Peacelily the Hoplite (level 25, -8/382 (387) HPs)
             Began as a Minotaur Berserker on Nov 14, 2017.
             Was the Champion of Trog.
             Killed by divine providence
             ... invoked by a greater mummy
              (12 damage)
             ... on level 2 of the Tomb of the Ancients.
             The game lasted 04:12:39 (49945 turns).

Peacelily the Hoplite (Minotaur Berserker)         Turns: 49945, Time: 04:12:40

HP:   -8/382 (387)  AC: 33    Str: 29 (31) XL:     25   Next: 92%
MP:   28/28         EV: 30    Int:  8 (14) God:    Trog [******]
Gold: 6202          SH: 32    Dex: 23      Spells: 24/24 levels left

rFire    + + .     SeeInvis .   D - +11 broad axe of Giant's Bane {vamp, rF+ MR+ Int+2}
rCold    + + .     Gourm    .   v - +4 large shield of Ycaclykhle {*Drain rPois rC+ Int+8}
rNeg     . . .     Faith    .   K - +7 plate armour {MR+}
rPois    +         Spirit   .   x - +2 hat
rElec    .         Reflect  .   P - scarf {repulsion}
rCorr    .         Harm     .   I - +5 pair of gloves of Generosity {+Fly rC+ MR+}
MR       +++++     NoTele   +   J - +2 pair of boots {Stlth+}
Stlth    ..........             B - amulet of Vitality {Regen+ HP+15}
Regen    1.2/turn               X - +5 ring of evasion
MPRegen  0.3/turn               q - ring of the Princeling {-Tele rF+ MR++ MP+9 Dex+5}

@: berserking, slowed, studying Staves, drained, repel missiles
A: retaliatory headbutt, horns 2, deformed body, deterioration 1, low mp 1,
MP-powered wands
}: 4/15 runes: serpentine, barnacled, slimy, silver
a: Berserk, Trog's Hand, Brothers in Arms, Burn Spellbooks, Renounce Religion,
Evoke Flight


You were on level 2 of the Tomb of the Ancients.
You worshipped Trog.
Trog was exalted by your worship.
You were hungry.

You visited 10 branches of the dungeon, and saw 49 of its levels.
You also visited: Ice Cave and Volcano.

You collected 6544 gold pieces.
You spent 342 gold pieces at shops.

Inventory:

Hand Weapons
 D - the +11 broad axe of Giant's Bane (weapon) {vamp, rF+ MR+ Int+2}
   (Trog gifted it to you on level 8 of the Dungeon)

   It inflicts no extra harm, but heals its wielder when it wounds a living foe.
   It affects your intelligence (+2).
   It protects you from fire.
   It affects your resistance to hostile enchantments.
Armour
 v - the +4 large shield of Ycaclykhle (worn) {*Drain rPois rC+ Int+8}
   (You found it on level 5 of the Pits of Slime)

   It affects your intelligence (+8).
   It protects you from cold.
   It protects you from poison.
   It causes draining when unequipped.
 x - a +2 hat (worn)
 I - the +5 pair of gloves of Generosity (worn) {+Fly rC+ MR+}
   (You found it in an ice cave)

   It protects you from cold.
   It affects your resistance to hostile enchantments.
   It lets you fly.
 J - a +2 pair of boots of stealth (worn)
 K - a +7 plate armour of magic resistance (worn)
 P - a scarf of repulsion (worn)
 V - a scarf of spirit shield
Jewellery
 j - a +4 ring of protection
 q - the ring of the Princeling (right hand) {-Tele rF+ MR++ MP+9 Dex+5}
   (You found it on level 5 of the Vaults)

   [ring of dexterity]

   It affects your dexterity (+5).
   It protects you from fire.
   It affects your resistance to hostile enchantments.
   It affects your magic capacity (+9).
   It prevents most forms of teleportation.
 r - the ring of Pocek {Ice rElec Dex+6 Stlth+}
   (You found it on level 4 of the Shoals)

   [ring of ice]

   It enhances your ice magic.
   It affects your dexterity (+6).
   It makes you vulnerable to fire.
   It protects you from cold.
   It insulates you from electricity.
   It makes you more stealthy.
 B - the amulet of Vitality (around neck) {Regen+ HP+15}
   (You found it on level 3 of the Elven Halls)

   [amulet of regeneration]

   It affects your health (+15).
   It increases your rate of regeneration.
 M - the ring of the Exiled Suns {*Slow rC+ MR+ Str+6 Dex+2}
   (You took it off a vampire knight on level 3 of the Crypt)

   [ring of dexterity]

   It affects your strength (+6).
   It affects your dexterity (+2).
   It protects you from cold.
   It affects your resistance to hostile enchantments.
   It may slow you when you take damage.
 N - an uncursed ring of resist corrosion
 Q - an uncursed ring of poison resistance
 X - a +5 ring of evasion (left hand)
 Z - an uncursed ring of see invisible
Wands
 O - a wand of digging (24/24)
Scrolls
 d - 6 scrolls of recharging
 g - 25 scrolls of teleportation
 i - 7 scrolls of magic mapping
 l - 11 scrolls of fog
 o - 20 scrolls of remove curse
 p - a scroll of summoning
 y - 15 scrolls of enchant weapon
 F - 7 scrolls of identify
 G - 9 scrolls of fear
 S - a scroll of holy word
 U - 3 scrolls of blinking
 W - 2 scrolls of enchant armour
 Y - 2 scrolls of brand weapon
Potions
 e - 17 potions of curing
 f - 9 potions of brilliance
 k - 3 potions of mutation
 m - 3 potions of magic
 n - 9 potions of lignification
 u - 3 potions of invisibility
 w - 9 potions of might
 z - 11 potions of haste
 A - 8 potions of flight
 C - 5 potions of resistance
 E - 2 potions of cancellation
 H - 4 potions of agility
 L - 2 potions of ambrosia
 T - 5 potions of berserk rage
Books
 t - a manual of Staves
Miscellaneous
 s - 2 phantom mirrors
 R - 3 boxes of beasts
Comestibles
 a - 13 fruits
 b - 19 meat rations
 c - 23 bread rations
 h - 6 royal jellies


   Skills:
 + Level 23.1(22.5) Fighting
 + Level 25.1(24.5) Axes
   Level 2.2(16.9) Polearms
 + Level 20.0(19.5) Armour
 * Level 22.2(21.6) Dodging
 - Level 26.0(25.3) Shields


You had 24 spell levels left.
You didn't know any spells.

Dungeon Overview and Level Annotations

Branches:
Dungeon (15/15)            Temple (0/1) D:4            Lair (6/6) D:8
 Shoals (4/4) Lair:3        Snake (4/4) Lair:3        Slime (5/5) Lair:6
    Orc (2/2) D:12            Elf (3/3) Orc:2        Vaults (5/5) D:14
  Crypt (3/3) Vaults:2       Tomb (2/3) Crypt:3      Depths (0/5) D:15

Altars:
Ashenzari
Dithmenos
Kikubaaqudgha
Makhleb
Vehumet
Xom
Yredelemnul
Beogh
Jiyva

Shops:
D:15 (   Orc:2 [*(=   Elf:1 ?   Elf:3 (%!   Shoals:2 (

Annotations:
D:14 1 exclusion


Innate Abilities, Weirdness & Mutations

You reflexively headbutt those who attack you in melee.
You have a pair of horns on your head.
Armour fits poorly on your strangely shaped body.
Your body sometimes deteriorates upon taking damage.
Your magical capacity is low. (-10% MP)
You expend magic power (3 MP) to strengthen your wands.


Message History

You destroy the jiangshi!
The mana viper disappears in a puff of smoke!
You block the death scarab's attack. x2
The death scarab waves its antennae.
The death scarab completely misses you.
The ancient lich mumbles some strange words.
The ancient lich seems to speed up.
The greater mummy barely misses you. You furiously retaliate!
You headbutt the greater mummy!
You feel the power of Trog in you as your rage grows.
You destroy the greater mummy!
Trog accepts your kill.
Trog appreciates your killing of a magic user.
You feel extremely nervous for a moment...
Something reaches out for you...
The ettin zombie disappears in a puff of smoke!
The spectral wolf spider disappears in a puff of smoke!
You feel your strength returning.
The greater mummy gestures at you while chanting.
Something smites you!
You die...

...# #.......# .
....##.......##..
#............... .
##.....M...?.....
..#..M.....†.L.....
.........4†........
.....ss3§.ZM..M....
....S§§s.M.........
....§S.@Ms..Z......
.....M##...Z...##..
..... #..MZ.M.# .
.... .W..z....# ...
.....Z...... .#
.............
...##....... #....


You could see 3 greater mummies, an ancient lich, 2 mummy priests, a soul eater,
a flayed ghost, an orange demon, 2 mana vipers, a guardian mummy, 4 death
scarabs, 3 mummies, a wight, a ghost moth simulacrum, an ettin zombie, a frost
giant zombie, a storm dragon skeleton and a fire giant skeleton.

Vanquished Creatures
  the Royal Jelly (Slime:5)
  An ancient lich (Vaults:5)
  Mennas (Vaults:2)
  4 greater mummies
  Saint Roka (Orc:2)
  A curse toe (Crypt:3)
  A bone dragon (Crypt:3)
  Rupert (Orc:2)
  2 tentacled monstrosities (Vaults:5)
  2 Ice Fiends (IceCv)
  3 deep elf blademasters
  Asterion (Vaults:1)
  A deep elf master archer (Elf:3)
  4 liches
  5 titans (Vaults:5)
  2 quicksilver dragons (Vaults:5)
  6 krakens
  9 sphinxes
  Kirke (Lair:5)
  27 acid blobs
  10 ancient champions
  20 azure jellies
  3 shadow dragons (Vaults:5)
  6 storm dragons
  4 tengu reavers
  4 revenants
  Donald (Orc:2)
  An azure jelly (shapeshifter) (Elf:2)
  6 nagarajas
  A fire giant (Vaults:3)
  4 deep elf sorcerers
  Ilsuiw (Shoals:4)
  12 vault wardens
  3 frost giants
  Aizul (Snake:3)
  A curse skull (Crypt:3)
  The ghost of Qupu the Severer, a journeyman HOMo of Gozag (Lair:6)
  2 ghouls (Crypt:3)
  A war gargoyle (Vaults:3)
  Louise (Elf:2)
  3 very ugly things (Vaults:5)
  8 deep elf elementalists (Elf:3)
  A reaper (Crypt:2)
  11 stone giants
  17 ironheart preservers
  6 bennus (Tomb:1)
  An entropy weaver (Vaults:3)
  5 vampire knights
  6 deep elf annihilators (Elf:3)
  2 deep elf demonologists
  The ghost of bananaglory the Thaumaturge, a journeyman DrWz of Sif Muna (Volcano)
  7 merfolk javelineers
  3 eidola
  12 deep elf death magi
  A quicksilver dragon zombie (Crypt:3)
  3 fire dragons
  A crystal guardian (Vaults:5)
  4 deep elf high priests
  Snorg (D:10)
  7 death oozes
  5 ettins
  7 mummy priests
  8 jiangshi
  98 slime creatures
  10 merfolk impalers
  Josephine (Orc:2)
  5 great orbs of eyes
  11 yaktaur captains
  13 ogre magi
  Erolcha (Orc:2)
  2 rakshasas
  4 ice dragons
  14 naga warriors
  8 hydras
  7 merfolk aquamancers
  A two-headed ogre (shapeshifter) (Vaults:5)
  3 alligator snapping turtles
  7 centaur warriors
  36 vault guards
  4 catoblepae
  4 merfolk avatars
  40 two-headed ogres
  4 deep troll shamans
  11 anacondas
  A tengu warrior (D:14)
  6 death knights
  4 death scarabs (Tomb:2)
  4 satyrs
  10 death yaks
  16 naga sharpshooters
  2 orc high priests
  7 shock serpents
  Urug (Orc:2)
  21 dancing weapons
  6 vampire magi
  27 deep elf knights
  Nergalle (D:10)
  A soul eater (Crypt:3)
  A titan skeleton (Crypt:1)
  A golden dragon zombie (Crypt:3)
  A hell knight (Volcano)
  3 shadow wraiths
  A sixfirhy (Tomb:1)
  2 salamander mystics (Snake:3)
  19 sea snakes
  A storm dragon zombie (Crypt:3)
  24 skeletal warriors
  3 flayed ghosts (Crypt:3)
  A storm dragon skeleton (Crypt:3)
  2 anaconda zombies (Crypt:1)
  3 unseen horrors
  An unseen horror (shapeshifter) (D:15)
  15 deep trolls
  2 golden dragon skeletons (Crypt:3)
  12 ironbrand convokers
  15 naga ritualists
  15 deep elf archers
  The ghost of Demanufactor the Cleaver, a novice MiBe of Trog (D:7)
  12 phantasmal warriors
  A shadow dragon zombie (Crypt:3)
  23 harpies
  An anaconda skeleton (Crypt:1)
  4 wizards
  A harpy (shapeshifter) (Vaults:4)
  15 mana vipers
  2 frost giant zombies
  12 orc knights
  7 necromancers
  A sphinx zombie (Vaults:5)
  A fire giant zombie (Crypt:3)
  4 orc sorcerers
  4 wolf spiders
  18 manticores
  7 shining eyes
  27 ugly things
  An iron dragon zombie (Crypt:2)
  3 ice statues
  16 fauns
  11 salamanders
  8 cyclopes
  4 elephants (Lair:5)
  63 deep elf magi
  3 eyes of devastation (Slime:5)
  A salamander (shapeshifter) (D:15)
  A frost giant skeleton (Crypt:2)
  3 guardian serpents
  47 black mambas
  21 naga magi
  15 merfolk sirens
  An eye of devastation (shapeshifter) (Vaults:5)
  A dire elephant skeleton (Tomb:1)
  A gargoyle (D:14)
  A titan simulacrum (Crypt:1)
  A spectral iron troll (Crypt:3)
  A death yak zombie (Crypt:1)
  6 vault sentinels
  A torpor snail (Lair:6)
  6 water nymphs
  11 spiny frogs
  53 yaktaurs
  A komodo dragon (shapeshifter) (Elf:3)
  An emperor scorpion zombie (Tomb:1)
  12 rime drakes
  A yaktaur (shapeshifter) (D:15)
  16 freezing wraiths
  An anaconda simulacrum (Crypt:3)
  24 guardian mummies
  A hellwing (Tomb:1)
  3 spectral deep trolls (Crypt:3)
  15 komodo dragons
  38 merfolk
  13 ice devils (IceCv)
  A yaktaur skeleton (Vaults:5)
  A queen bee (shapeshifter) (D:12)
  A wind drake (shapeshifter) (D:12)
  2 hydra zombies
  A catoblepas skeleton (Crypt:2)
  A troll (D:14)
  A polar bear (Lair:6)
  A raiju (shapeshifter) (Vaults:3)
  4 wind drakes
  9 blink frogs
  Grinder (D:3)
  A dream sheep (shapeshifter) (Vaults:3)
  An alligator zombie (Crypt:1)
  A bog body (Crypt:3)
  A blink frog (shapeshifter) (D:15)
  An ettin zombie (Crypt:2)
  8 hippogriffs
  A guardian serpent zombie (Crypt:1)
  6 dream sheep
  14 snapping turtles
  A fire giant simulacrum (Crypt:1)
  A jumping spider zombie (Crypt:3)
  A meliai zombie (D:15)
  A frost giant simulacrum (Vaults:3)
  A fire dragon zombie (Crypt:2)
  Sigmund (D:5)
  An ettin skeleton (Vaults:3)
  A spriggan (D:7)
  9 water elementals
  4 vampires
  A redback (Vaults:3)
  3 air elementals
  7 shadows
  14 wraiths
  12 wyverns
  A fire dragon skeleton (Crypt:2)
  3 fire elementals
  65 yaks
  3 fire bats (Orc:2)
  2 hogs (Lair:5)
  2 hungry ghosts
  2 vampire mosquitoes (D:12)
  16 steam dragons
  15 golden eyes (Slime:4)
  6 basilisks
  A wind drake skeleton (Crypt:3)
  Menkaure (D:7)
  A soldier ant (shapeshifter) (Vaults:4)
  8 swamp worms (Lair:1)
  56 nagas
  Edmund (D:6)
  4 wargs
  A soldier ant (D:15)
  8 porcupines
  11 water moccasins
  A black bear (shapeshifter) (Vaults:3)
  35 orc warriors
  6 sky beasts
  2 ice beasts
  A spiny frog skeleton (Crypt:1)
  3 elf zombies
  3 black bears
  3 necrophages
  4 phantoms
  5 wolves (Lair:5)
  9 eyes of draining
  33 ogres
  A blink frog skeleton (Crypt:3)
  8 boggarts
  13 centaurs
  12 crocodiles
  A swamp dragon skeleton (Crypt:3)
  An octopode zombie (Crypt:2)
  A big kobold (D:11)
  13 bullfrogs
  2 human skeletons
  6 earth elementals
  A wyvern skeleton (D:13)
  3 scorpions
  15 wights
  19 killer bees
  A howler monkey (D:11)
  6 electric eels
  10 crimson imps
  5 centaur zombies
  A basilisk zombie (Crypt:2)
  3 quasits
  2 bullfrog skeletons
  9 hounds
  5 jellies
  21 orc wizards
  19 orc priests
  6 centaur skeletons
  2 black bear skeletons
  12 iguanas
  15 worker ants
  Ijyb (D:3)
  A porcupine skeleton (Crypt:3)
  A big kobold skeleton (Crypt:1)
  A dwarf skeleton (Crypt:3)
  A howler monkey zombie (D:8)
  11 mummies
  A worker ant zombie (D:5)
  3 gnolls (D:2)
  11 adders
  A steam dragon skeleton (Crypt:2)
  6 shadow imps
  8 white imps (IceCv)
  3 ufetubi (IceCv)
  An ooze (D:1)
  2 adder skeletons
  An iguana skeleton (Crypt:3)
  2 lava snake skeletons (Crypt:2)
  10 worms (Lair:1)
  9 dart slugs
  8 leopard geckos
  109 orcs
  4 bats
  3 giant cockroaches
  3 goblins (D:3)
  4 hobgoblins
  9 jackals
  9 kobolds
  8 quokkas
  2 ball pythons
  A frilled lizard (D:2)
  A leopard gecko skeleton (D:7)
  2 leopard gecko zombies
  2 quokka skeletons
  3 rats
  A rat zombie (Crypt:1)
  3 crawling corpses (Elf:3)
  16 fungi
  9 plants
  17 tentacles
2265 creatures vanquished.

Vanquished Creatures (others)
  A deep elf knight (Elf:3)
  The ghost of KONINGBADAAP the Basher, a novice MiBe of Trog (D:9)
  An unseen horror (shapeshifter) (Vaults:3)
  2 nagas
  An ogre (Vaults:4)
  An orc wizard (D:9)
  2 white imps (IceCv)
  5 ufetubi (IceCv)
  2 orcs (D:9)
  A quokka (D:9)
  5 fungi
  13 plants
  28 tentacles
63 creatures vanquished.

Grand Total: 2328 creatures vanquished

Notes
Turn   | Place    | Note
-------+----------+-------------------------------------------
     0 | D:1      | Peacelily the Minotaur Berserker began the quest for the Orb.
     0 | D:1      | Reached XP level 1. HP: 19/19 MP: 0/0
   261 | D:1      | Reached XP level 2. HP: 27/27 MP: 1/1
   839 | D:2      | Found a shadowy altar of Dithmenos.
   921 | D:2      | Reached XP level 3. HP: 33/33 MP: 2/2
  1334 | D:2      | Reached XP level 4. HP: 37/40 MP: 3/3
  1656 | D:3      | Noticed Grinder
  1665 | D:3      | Paralysed by Grinder for 2 turns
  1676 | D:3      | Paralysed by Grinder for 5 turns
  2064 | D:3      | Reached ** piety under Trog
  2067 | D:3      | Killed Grinder
  2067 | D:3      | Reached skill level 5 in Fighting
  2067 | D:3      | Reached skill level 5 in Axes
  2067 | D:3      | Reached XP level 5. HP: 48/48 MP: 4/4
  2067 | D:3      | Reached XP level 6. HP: 56/56 MP: 5/5
  2349 | D:3      | Noticed Ijyb
  2355 | D:3      | Killed Ijyb
  2752 | D:4      | Found a staircase to the Ecumenical Temple.
  2757 | D:4      | Reached skill level 5 in Armour
  3037 | D:4      | Reached XP level 7. HP: 63/63 MP: 6/6
  3405 | D:4      | Reached *** piety under Trog
  3624 | D:4      | Reached XP level 8. HP: 68/73 MP: 7/7
  3894 | D:5      | Entered Level 5 of the Dungeon
  4207 | D:5      | Noticed Sigmund
  4214 | D:5      | Killed Sigmund
  4309 | D:5      | Reached **** piety under Trog
  4734 | D:6      | Noticed Edmund
  4749 | D:6      | Killed Edmund
  4785 | D:6      | Reached XP level 9. HP: 80/82 MP: 8/8
  5465 | D:7      | Noticed Menkaure
  5469 | D:7      | Killed Menkaure
  5504 | D:7      | Reached ***** piety under Trog
  5537 | D:7      | Reached skill level 10 in Axes
  5622 | D:7      | Reached skill level 10 in Fighting
  5622 | D:7      | Reached skill level 10 in Armour
  5813 | D:7      | Noticed Demanufactor's ghost (novice MiBe)
  5823 | D:7      | Killed Demanufactor's ghost
  5823 | D:7      | Reached XP level 10. HP: 94/94 MP: 9/9
  6076 | D:8      | Received a gift from Trog
  6079 | D:8      | Got a polished broad axe {god gift}
  6086 | D:8      | Identified the +11 broad axe of Giant's Bane {vamp, rF+ MR+ Int+2} (Trog gifted it to you on level 8 of the Dungeon)
  6228 | D:8      | Found a staircase to the Lair.
  7002 | D:9      | Killed KONINGBADAAP's ghost
  7126 | D:9      | Got a slimy broad axe
  7404 | D:9      | Reached skill level 1 in Shields
  7522 | D:9      | Reached skill level 2 in Shields
  7560 | D:9      | Noticed a white ugly thing
  7566 | D:9      | Killed a white ugly thing
  7726 | D:10     | Entered Level 10 of the Dungeon
  7736 | D:10     | Reached skill level 5 in Dodging
  7736 | D:10     | Reached skill level 3 in Shields
  7979 | D:10     | Noticed Nergalle
  7990 | D:10     | Killed Nergalle
  7990 | D:10     | Reached skill level 4 in Shields
  8028 | D:10     | Reached XP level 11. HP: 102/102 MP: 10/10
  8039 | D:10     | Reached skill level 5 in Shields
  8174 | D:10     | Noticed Snorg
  8183 | D:10     | Killed Snorg
  8183 | D:10     | Reached skill level 6 in Shields
  8707 | D:11     | Noticed a two-headed ogre
  8716 | D:11     | Killed a two-headed ogre
  8716 | D:11     | Reached skill level 7 in Shields
  8805 | D:11     | Killed an unseen horror
  9107 | D:11     | Noticed a two-headed ogre
  9113 | D:11     | Killed a two-headed ogre
  9113 | D:11     | Reached skill level 8 in Shields
  9278 | D:12     | Killed an unseen horror
  9515 | D:12     | Found a staircase to the Orcish Mines.
  9526 | D:12     | Found a roughly hewn altar of Beogh.
  9555 | D:12     | Noticed a skeletal warrior
  9556 | D:12     | Noticed a skeletal warrior
  9556 | D:12     | Noticed a skeletal warrior
  9556 | D:12     | Noticed a skeletal warrior
  9568 | D:12     | Killed a skeletal warrior
  9568 | D:12     | Reached XP level 12. HP: 113/113 MP: 9/11
  9569 | D:12     | Received a gift from Trog
  9569 | D:12     | Reached skill level 9 in Shields
  9589 | D:12     | Got a twisted hand axe {god gift}
  9940 | D:12     | Noticed a centaur warrior
  9974 | D:12     | Killed a centaur warrior
  9974 | D:12     | Reached skill level 10 in Shields
 10515 | D:13     | Reached skill level 11 in Shields
 10542 | D:13     | Noticed a catoblepas
 10564 | D:13     | Killed a catoblepas
 10845 | D:13     | Received a gift from Trog
 11043 | D:13     | Reached XP level 13. HP: 119/122 MP: 10/12
 11249 | D:14     | Reached skill level 12 in Shields
 11470 | D:14     | Found a shimmering altar of Xom.
 12570 | D:14     | Found a gate to the Vaults.
 12578 | D:14     | Reached skill level 13 in Shields
 12628 | D:15     | Entered Level 15 of the Dungeon
 12847 | D:15     | Found Dopudin's Antique Weapon Shop.
 12925 | D:15     | Reached skill level 10 in Dodging
 12981 | D:15     | Reached ****** piety under Trog
 13102 | D:15     | Found a shattered altar of Ashenzari.
 13441 | D:15     | Reached skill level 14 in Shields
 13466 | D:15     | Reached XP level 14. HP: 133/133 MP: 13/13
 13521 | D:15     | Reached skill level 15 in Axes
 13538 | D:15     | Found a staircase to the Depths.
 13836 | Lair:1   | Entered Level 1 of the Lair of Beasts
 13925 | Lair:1   | Found a radiant altar of Vehumet.
 14281 | Lair:1   | Received a gift from Trog
 15515 | Lair:3   | Found a staircase to the Snake Pit.
 15709 | Lair:3   | Found a staircase to the Shoals.
 16304 | Lair:4   | Identified a scroll of acquirement
 16353 | Lair:4   | Received a gift from Trog
 16641 | Lair:4   | Reached skill level 15 in Fighting
 17024 | Lair:5   | Reached skill level 15 in Shields
 17095 | Lair:5   | Got a crystal arbalest
 17342 | Lair:5   | Noticed Kirke
 17349 | Lair:5   | Killed Kirke
 17349 | Lair:5   | Reached XP level 15. HP: 141/141 MP: 14/14
 18117 | Lair:6   | Entered Level 6 of the Lair of Beasts
 18359 | Lair:6   | Received a gift from Trog
 18594 | Lair:6   | Identified the cursed +3 arbalest of Dishonesty {venom, rPois} (You found it on level 5 of the Lair of Beasts)
 18876 | Lair:6   | Noticed Qupu's ghost (journeyman HOMo)
 18893 | Lair:6   | Killed Qupu's ghost
 19221 | Lair:6   | Found a runed door.
 19223 | Lair:6   | Found a viscous altar of Jiyva.
 19225 | Lair:6   | Found a staircase to the Slime Pits.
 19226 | Lair:6   | Noticed an acid blob
 19226 | Lair:6   | Noticed an acid blob
 19279 | Lair:6   | Killed an acid blob
 19286 | Lair:6   | Killed an acid blob
 19950 | Orc:1    | Entered Level 1 of the Orcish Mines
 19983 | Orc:2    | Entered Level 2 of the Orcish Mines
 19999 | Orc:2    | Received a gift from Trog
 20008 | Orc:2    | Found a staircase to the Elven Halls.
 20010 | Orc:2    | Found a burning altar of Makhleb.
 20032 | Orc:2    | Noticed Urug
 20041 | Orc:2    | Killed Urug
 20043 | Orc:2    | Noticed Saint Roka
 20055 | Orc:2    | Noticed Erolcha
 20070 | Orc:2    | Noticed Josephine
 20070 | Orc:2    | Killed Saint Roka
 20071 | Orc:2    | Killed Erolcha
 20076 | Orc:2    | Reached XP level 16. HP: 152/152 MP: 5/15
 20077 | Orc:2    | Found a roughly hewn altar of Beogh.
 20094 | Orc:2    | Killed Josephine
 20105 | Orc:2    | Found Viahaclo's Antique Armour Shoppe.
 20117 | Orc:2    | Found Mommeih's Antique Weapon Shoppe.
 20127 | Orc:2    | Noticed Rupert
 20130 | Orc:2    | Paralysed by Rupert for 2 turns
 20149 | Orc:2    | Killed Rupert
 20190 | Orc:2    | Noticed Donald
 20202 | Orc:2    | Killed Donald
 20204 | Orc:2    | Found a dark tunnel.
 20213 | Volcano  | Entered a volcano
 20218 | Volcano  | Noticed bananaglory's ghost (journeyman DrWz)
 20234 | Volcano  | Killed bananaglory's ghost
 20659 | Orc:2    | Found Caulejem's Jewellery Shoppe.
 20675 | Orc:2    | Found Fuprur's General Store.
 20683 | Orc:2    | Bought a scroll of identify for 24 gold pieces
 21020 | Elf:1    | Entered Level 1 of the Elven Halls
 21112 | Elf:1    | Found Yxter's Magic Scroll Emporium.
 21153 | Elf:1    | Received a gift from Trog
 21228 | Elf:1    | Found a frozen archway.
 21242 | IceCv    | Entered an ice cave
 21611 | IceCv    | Got a pair of distressingly furry gloves
 21759 | IceCv    | Identified the +5 pair of gloves of Generosity {+Fly rC+ MR+} (You found it in an ice cave)
 21849 | IceCv    | Noticed an Ice Fiend
 21850 | IceCv    | Noticed an Ice Fiend
 21867 | IceCv    | Killed an Ice Fiend
 21874 | IceCv    | Killed an Ice Fiend
 22663 | Elf:1    | Received a gift from Trog
 22821 | Elf:1    | Bought a scroll of fear for 42 gold pieces
 22821 | Elf:1    | Bought 2 scrolls of identify for 48 gold pieces
 22821 | Elf:1    | Bought a scroll of identify for 24 gold pieces
 22821 | Elf:1    | Bought a scroll of blinking for 90 gold pieces
 22821 | Elf:1    | Bought a scroll of enchant armour for 90 gold pieces
 22821 | Elf:1    | Bought a scroll of identify for 24 gold pieces
 22827 | Elf:1    | Reached XP level 17. HP: 162/162 MP: 16/16
 23453 | Elf:2    | Reached XP level 18. HP: 165/171 MP: 15/17
 23470 | Elf:2    | Received a gift from Trog
 23529 | Elf:2    | Noticed a Hell Sentinel
 23538 | Elf:2    | Gained mutation: Armour fits poorly on your strangely shaped body. [a cacodemon]
 23793 | Elf:2    | Found a runed gate.
 23810 | Elf:2    | Found a runed gate.
 23810 | Elf:2    | Found a runed gate.
 24099 | Elf:2    | Noticed Louise
 24131 | Elf:2    | Killed Louise
 24265 | Elf:2    | Received a gift from Trog
 24661 | Elf:3    | Entered Level 3 of the Elven Halls
 24723 | Elf:3    | Found Viap's Distillery.
 24785 | Elf:3    | Found Egrir's Food Boutique.
 24890 | Elf:3    | Found Ylaviy's Weapon Boutique.
 25360 | Elf:3    | Received a gift from Trog
 25507 | Elf:3    | Reached skill level 15 in Armour
 25585 | Elf:3    | Reached skill level 15 in Dodging
 25791 | Elf:3    | Reached XP level 19. HP: 184/184 MP: 18/18
 25919 | Elf:3    | Received a gift from Trog
 25988 | Elf:3    | Got a heavily runed bronze ring
 26100 | Elf:3    | Identified the ring "Dorioxul" {Wiz *Drain rN+ Str+5 Stlth+} (You found it on level 3 of the Elven Halls)
 26114 | Elf:3    | Got a pair of bloodstained boots
 26132 | Elf:3    | Identified the -3 pair of boots of the Hart {rF+ MR- rCorr} (You found it on level 3 of the Elven Halls)
 26674 | Shoals:1 | Entered Level 1 of the Shoals
 27506 | Shoals:2 | Got a transparent spear
 27570 | Shoals:2 | Identified the +12 spear of Hepliaklqana's Delight {elec, +Rage Int+7} (You found it on level 2 of the Shoals)
 27601 | Shoals:2 | Found Liufuec's Weapon Shop.
 27648 | Shoals:2 | Reached skill level 1 in Polearms
 28110 | Shoals:2 | Received a gift from Trog
 28214 | Shoals:3 | Got a brightly glowing zirconium amulet
 28218 | Shoals:3 | Identified the amulet of Divine Compulsion {Inacc rC+} (You found it on level 3 of the Shoals)
 28289 | Shoals:3 | Reached skill level 16 in Shields
 28873 | Shoals:3 | Reached skill level 17 in Shields
 28919 | Shoals:4 | Entered Level 4 of the Shoals
 29225 | Shoals:4 | Got a glittering glass ring
 29227 | Shoals:4 | Identified the ring of Pocek {Ice rElec Dex+6 Stlth+} (You found it on level 4 of the Shoals)
 29237 | Shoals:4 | Noticed Ilsuiw
 29246 | Shoals:4 | Received a gift from Trog
 29274 | Shoals:4 | Reached skill level 18 in Shields
 29276 | Shoals:4 | Got a brightly glowing spear {god gift}
 29343 | Shoals:4 | Killed Ilsuiw
 29500 | Shoals:4 | Reached XP level 20. HP: 189/193 MP: 19/19
 29606 | Shoals:4 | Reached skill level 19 in Shields
 30111 | Shoals:4 | Got a barnacled rune of Zot
 30379 | Snake:1  | Entered Level 1 of the Snake Pit
 30601 | Snake:1  | Reached skill level 20 in Shields
 30717 | Snake:1  | Received a gift from Trog
 32053 | Snake:3  | Reached skill level 21 in Shields
 32109 | Snake:3  | Identified the +3 spear of Qohy {freeze, Dex+4} (Trog gifted it to you on level 4 of the Shoals)
 32417 | Snake:3  | Received a gift from Trog
 32685 | Snake:3  | Reached skill level 22 in Shields
 32719 | Snake:3  | Noticed Aizul
 32734 | Snake:3  | Killed Aizul
 32795 | Snake:3  | Received a gift from Trog
 32996 | Snake:4  | Entered Level 4 of the Snake Pit
 33005 | Snake:4  | Reached XP level 21. HP: 201/201 MP: 20/20
 33238 | Snake:4  | Received a gift from Trog
 33469 | Snake:4  | Reached skill level 23 in Shields
 33525 | Snake:4  | Received a gift from Trog
 33624 | Snake:4  | Got a serpentine rune of Zot
 33894 | Slime:1  | Entered Level 1 of the Pits of Slime
 34282 | Slime:1  | Gained mutation: Your magical capacity is low. (-10% MP) [a shining eye]
 34285 | Slime:1  | Gained mutation: Your body sometimes deteriorates upon taking damage. [a shining eye]
 34309 | Slime:1  | Reached skill level 24 in Shields
 34803 | Slime:2  | Received a gift from Trog
 34999 | Slime:3  | Gained mutation: You expend magic power (3 MP) to strengthen your wands. [a shining eye]
 35570 | Slime:4  | Received a gift from Trog
 35575 | Slime:4  | Got a crystal war axe {god gift}
 35577 | Slime:4  | Identified the +12 war axe "Dragon's Doom" {chop, rC+ Str-2 Stlth+} (Trog gifted it to you on level 4 of the Pits of Slime)
 35845 | Slime:5  | Entered Level 5 of the Pits of Slime
 35886 | Slime:5  | Reached skill level 25 in Shields
 36072 | Slime:5  | Noticed the Royal Jelly
 36118 | Slime:5  | Reached XP level 22. HP: 209/209 MP: 18/18
 36121 | Slime:5  | Killed the Royal Jelly
 36132 | Slime:5  | Reached skill level 26 in Shields
 36549 | Slime:5  | Got a slimy rune of Zot
 36599 | Slime:5  | Got a crude large shield
 36652 | Slime:5  | Identified the Incunabulum of Entrancing Fire
 36679 | Slime:5  | Identified the Guide on Ashen Transmutation
 36809 | Slime:5  | Got a pair of smoking gloves
 36838 | Slime:5  | Identified the +0 pair of gloves of Democracy {MR- Str+4 Dex+9 SInv} (You found it on level 5 of the Pits of Slime)
 36859 | Slime:5  | Identified the +4 large shield of Ycaclykhle {*Drain rPois rC+ Int+8} (You found it on level 5 of the Pits of Slime)
 36924 | Slime:4  | Received a gift from Trog
 37529 | Vaults:1 | Entered Level 1 of the Vaults
 38120 | Vaults:1 | Noticed Asterion
 38139 | Vaults:1 | Killed Asterion
 38146 | Vaults:1 | Received a gift from Trog
 38639 | Vaults:2 | Noticed Mennas
 38678 | Vaults:2 | Killed Mennas
 38695 | Vaults:2 | Got a faintly humming hat
 38706 | Vaults:2 | Identified the +2 hat of the Kraken {Str-4 Dex+6} (You acquired it on level 2 of the Vaults)
 39095 | Vaults:2 | Found a staircase to the Crypt.
 39095 | Vaults:2 | Found an ancient bone altar of Kikubaaqudgha.
 39096 | Vaults:2 | Found a basalt altar of Yredelemnul.
 39122 | Vaults:2 | Received a gift from Trog
 39579 | Vaults:2 | Reached XP level 23. HP: 216/216 MP: 19/19
 40638 | Vaults:3 | Received a gift from Trog
 41301 | Vaults:3 | Received a gift from Trog
 42034 | Vaults:4 | Received a gift from Trog
 42562 | Vaults:5 | Entered Level 5 of the Vaults
 42579 | Vaults:5 | Reached XP level 24. HP: 228/228 MP: 19/19
 42620 | Vaults:5 | Received a gift from Trog
 42682 | Vaults:5 | Got a silver rune of Zot
 42826 | Vaults:5 | Got an ancient silver amulet
 42900 | Vaults:5 | Got a flickering ivory ring
 42908 | Vaults:5 | Identified the ring of the Princeling {-Tele rF+ MR++ MP+9 Dex+5} (You found it on level 5 of the Vaults)
 42914 | Vaults:5 | Identified the amulet "Nyrois" {-Tele +Rage rPois rC+++ Str+3} (You took it off a deep elf death mage on level 5 of the Vaults)
 43229 | Vaults:5 | Received a gift from Trog
 43558 | Vaults:5 | Noticed an ancient lich
 43564 | Vaults:5 | Killed an ancient lich
 44167 | Crypt:1  | Entered Level 1 of the Crypt
 44976 | Crypt:2  | Received a gift from Trog
 45324 | Crypt:2  | Reached XP level 25. HP: 238/238 MP: 19/19
 45565 | Crypt:3  | Entered Level 3 of the Crypt
 45859 | Crypt:3  | Received a gift from Trog
 46059 | Crypt:3  | Found a staircase to the Tomb.
 47054 | Crypt:3  | Got a heavily runed bronze ring
 47056 | Crypt:3  | Identified the ring of the Exiled Suns {*Slow rC+ MR+ Str+6 Dex+2} (You took it off a vampire knight on level 3 of the Crypt)
 47095 | Crypt:3  | Found an ancient bone altar of Kikubaaqudgha.
 47098 | Crypt:3  | Found a basalt altar of Yredelemnul.
 47637 | Tomb:1   | Entered Level 1 of the Tomb of the Ancients
 47744 | Tomb:1   | Received a gift from Trog
 47817 | Tomb:1   | Noticed a greater mummy
 47833 | Tomb:1   | Killed a greater mummy
 49138 | Tomb:1   | Noticed a greater mummy
 49150 | Tomb:1   | Killed a greater mummy
 49564 | Tomb:1   | Noticed a greater mummy
 49578 | Tomb:1   | Killed a greater mummy
 49935 | Tomb:2   | Noticed a greater mummy
 49935 | Tomb:2   | Noticed a greater mummy
 49936 | Tomb:2   | Noticed a greater mummy
 49942 | Tomb:2   | Noticed an ancient lich
 49943 | Tomb:2   | HP: 10/382 [guardian mummy's death curse (23)]
 49944 | Tomb:2   | HP: 3/382 [death scarab[a greater mummy] (8)]
 49945 | Tomb:2   | Noticed a greater mummy
 49945 | Tomb:2   | Killed a greater mummy
 49945 | Tomb:2   | Killed from afar by a greater mummy

Skill      XL: |  1  2  3  4  5  6  7  8  9 10 11 12 13 14 15 16 17 18 19 20 21 22 23 24 25 |
---------------+----------------------------------------------------------------------------+-----
Axes           | 4 5 6 7 8 10 12 13 14 16 19 21 22 23 24 25 | 25.1
Fighting       | 4 5 6 7 8 10 11 12 13 14 15 16 17 19 20 21 22 23 | 23.1
Armour         | 3 4 5 6 8 10 12 13 15 16 17 19 20 | 20.0
Dodging        | 3 5 7 8 10 11 12 13 15 17 19 20 22 | 22.2
Shields        | 4 8 11 14 15 18 22 25 26 | 26.0
Polearms       | 2 |  2.2

Action                   |  1- 3 |  4- 6 |  7- 9 | 10-12 | 13-15 | 16-18 | 19-21 | 22-24 | 25-27 || total
-------------------------+-------+-------+-------+-------+-------+-------+-------+-------+-------++-------
Melee: Hand axe          |    52 |    80 |   278 |    27 |       |       |       |       |       ||   437
       Headbutt          |     6 |     7 |    51 |   100 |   288 |   155 |   484 |   551 |   225 ||  1867
       Broad axe         |       |       |       |   397 |  1011 |   760 |  1928 |  1682 |   613 ||  6391
       Unarmed           |       |       |       |       |   102 |       |       |       |       ||   102
       Spear             |       |       |       |       |       |       |    59 |       |       ||    59
Invok: Berserk           |     1 |     2 |     3 |     7 |    16 |     4 |     2 |     2 |     5 ||    42
       Burn Spellbooks   |       |       |       |     1 |     1 |     3 |     1 |     5 |     1 ||    12
  Use: Scroll            |       |     2 |    12 |     4 |    18 |    11 |    12 |    11 |     3 ||    73
       Potion            |       |       |       |     1 |     2 |     1 |       |       |     9 ||    13
 Stab: Distracted        |       |       |       |       |       |     2 |       |     1 |       ||     3
       Invisible         |       |       |       |       |       |       |       |       |     1 ||     1
  Eat: Chunk             |     2 |     8 |     8 |    21 |    38 |    18 |    24 |    28 |     3 ||   150
       Fruit             |       |       |     2 |     4 |     4 |     1 |    10 |     5 |     7 ||    33
       Meat ration       |       |       |       |     1 |     1 |       |     1 |       |       ||     3
       Royal jelly       |       |       |       |     1 |     1 |     3 |     2 |       |     6 ||    13
Armor: Leather armour    |    15 |       |       |       |       |       |       |       |       ||    15
       Plate armour      |     4 |    71 |   145 |   253 |   424 |   223 |   600 |   284 |   141 ||  2145
       Ring mail         |       |       |       |       |       |     2 |       |       |       ||     2
Dodge: Dodged            |    30 |    24 |    91 |   169 |   365 |   212 |   698 |   390 |   271 ||  2250
       Deflected         |       |       |       |       |       |       |   127 |    36 |     4 ||   167
Block: Buckler           |       |       |       |   100 |    58 |       |       |       |       ||   158
       Shield            |       |       |       |       |   605 |   430 |    10 |       |       ||  1045
       Large shield      |       |       |       |       |       |       |  2269 |  1611 |   791 ||  4671
